AoeStats
← JamesdoXD3

Arena

504355832Analyzed
2v2 RM · 29d ago on Sep 5, 2026· 36m 45s· 4 players
Game mode
Random Map
Map size
Medium (4 player)
Population
200
Speed
Normal
Resources
Standard
Victory
Conquest
Starting age
Dark Age
Ending age
Imperial Age
RankedLock teamsTeams togetherTeam positionsShared explorationLock speedFull tech treeHidden civsTurbo modeCheats
Victory
Defeat
🇮🇩 Wei · Indonesia
1244
+14
🇺🇸 Bohemians · United States
1233
+15
🇹🇷 Bohemians · Türkiye
1234
-15
🇨🇴 Chinese · Colombia
1187
-14
goeinicholas
10:32 Feudal Age
14:29 Castle Age
12:31 Horse Collar
13:32 Double-Bit Axe
15:23 Bow Saw
25:43 Scale Barding Armor
25:48 Forging
25:49 Gold Mining
25:49 Stone Mining
26:00 Loom
27:03 Wheelbarrow
29:22 Imperial Age
27:59 Heavy Plow
28:54 Chain Barding Armor
29:10 Iron Casting
29:47 Heavy Hei Guang Cavalry
30:38 Bloodlines
30:28 Husbandry
32:36 Blast Furnace
32:13 Ming Guang Armor
32:19 Tuntian
34:57 Fletching
35:07 Padded Archer Armor
OrangeHeadz
7:54 Loom
10:03 Feudal Age
13:46 Castle Age
12:04 Double-Bit Axe
16:52 Sanctity
18:22 Redemption
21:58 Atonement
Alfred the Great
10:48 Feudal Age
14:54 Castle Age
13:12 Double-Bit Axe
13:27 Loom
13:57 Horse Collar
16:04 Bow Saw
16:53 Loom
17:35 Fletching
20:06 Atonement
21:45 Sanctity
26:45 Redemption
27:55 Bodkin Arrow
31:28 Fervor
31:23 Devotion
32:04 Wheelbarrow
36:38 Imperial Age
34:25 Hand Cart
34:31 Hand Cart
34:48 Scale Mail Armor
36:08 Forging
36:13 Chain Mail Armor
JamesdoXD3
0:38 Loom
11:14 Feudal Age
14:19 Town Watch
16:45 Castle Age
14:55 Horse Collar
15:04 Double-Bit Axe
18:29 Light Cavalry
20:20 Bloodlines
28:31 Husbandry
29:29 Husbandry
31:29 Wheelbarrow
31:12 Heavy Plow
31:23 Bow Saw
32:18 Pikeman
36:38 Imperial Age
34:41 Forging
34:48 Squires
34:50 Scale Mail Armor
35:13 Fletching
36:16 Iron Casting
Connection lost

Rejoining the realm…

Still unreachable

The connection could not be restored.

Session expired

The server has moved on; the page needs a fresh start.